| TOP OF THE 1ST |
|
Williamsport Crosscutters batting - Pitching for West Virginia Black Bears : LHP Juan Villegas
|
|
Pitching: LHP Juan Villegas
|
|
|
Batting: RHB Jason Ostrom
|
0-0: Ball 1-0: Swinging Strike 1-1: Called Strike 1-2: Strikes out swinging
|
|
Batting: SHB Art Kent
|
0-0: Called Strike 0-1: Ball 1-1: TRIPLE (Flyball, 89XD, EV 109.4 MPH)
|
|
Batting: RHB Xavier Castellanos
|
0-0: DOUBLE (Line Drive, 7LD, EV 108.8 MPH) Art Kent scores
|
|
Batting: RHB John Manocchio
|
0-0: Ball 1-0: Ball 2-0: Foul Ball, location: 2F 2-1: Ball 3-1: Base on Balls
|
|
Batting: RHB Shintaro Katsumata
|
0-0: Called Strike 0-1: Called Strike 0-2: TRIPLE (Line Drive, 89XD, EV 101.2 MPH) Xavier Castellanos scores John Manocchio scores
|
|
Batting: RHB Pete Deschamps
|
0-0: Swinging Strike 0-1: Ball 1-1: Called Strike 1-2: Strikes out swinging
|
|
Batting: RHB Nick Cottrell
|
0-0: Foul Ball, location: 2F 0-1: Ball 1-1: Fly out, F9 (Flyball, 89D, EV 91.2 MPH)
|
| Top of the 1st over - 3 runs, 3 hits, 0 errors, 1 left on base; Williamsport 3 - West Virginia 0 |
| BOTTOM OF THE 1ST |
|
West Virginia Black Bears batting - Pitching for Williamsport Crosscutters : RHP Carlos Palacios
|
|
Pitching: RHP Carlos Palacios
|
|
|
Batting: SHB Don Hauk
|
0-0: DOUBLE (Line Drive, 3D, EV 105.6 MPH)
|
|
Batting: LHB Norm Silveira-Wray
|
0-0: Foul Ball, location: 2F 0-1: Ball 1-1: Called Strike 1-2: Ball 2-2: Ground out 6-3 (Groundball, 6, EV 109.4 MPH)
|
|
Batting: RHB Jaime Dubicki
|
0-0: Called Strike 0-1: Ball 1-1: Foul Ball, location: 2F 1-2: Reached on error, E3 (Groundball, 34, EV 109.4 MPH) Don Hauk scores
|
|
Batting: RHB Jeff Edwards
|
0-0: Called Strike 0-1: Ball 1-1: Fly out, F7 (Line Drive, 7, EV 94.4 MPH)
|
|
Batting: SHB Curtis Thompson
|
0-0: Called Strike 0-1: Ball 1-1: Foul Ball, location: 2F 1-2: Ball 2-2: 2-RUN HOME RUN (Flyball, 9D, EV 96.9 MPH), Distance : 401 ft
|
|
Batting: RHB Terrence Wilson
|
0-0: Foul Ball, location: 2F 0-1: Ball 1-1: TRIPLE (Flyball, 9LD, EV 95.0 MPH)
|
|
Batting: RHB John DeVillier
|
0-0: Ball 1-0: Ball 2-0: Foul Ball, location: 2F 2-1: Called Strike 2-2: Fly out, F8 (Flyball, 8LD, EV 95.0 MPH)
|
| Bottom of the 1st over - 3 runs, 3 hits, 1 error, 1 left on base; Williamsport 3 - West Virginia 3 |
| TOP OF THE 2ND |
|
Williamsport Crosscutters batting - Pitching for West Virginia Black Bears : LHP Juan Villegas
|
|
Batting: RHB Leon Edwards
|
0-0: Ball 1-0: Ball 2-0: Fly out, F8 (Flyball, 89M, EV 87.5 MPH)
|
|
Batting: SHB Nick Chandler
|
0-0: Ball 1-0: Foul Ball, location: 2F 1-1: Ball 2-1: Ball 3-1: Base on Balls
|
|
Batting: RHB Jason Ostrom
|
0-0: Called Strike 0-1: Foul Ball, location: 2F 0-2: SINGLE (Groundball, 34, EV 80.6 MPH) (infield hit) Nick Chandler to second
|
|
Batting: SHB Art Kent
|
0-0: Ball 1-0: Swinging Strike 1-1: Fielders Choice at 2nd, 6-4 (Groundball, 6, EV 99.4 MPH) Nick Chandler to third
|
|
Batting: RHB Xavier Castellanos
|
0-0: Fly out, F9 (Line Drive, 9, EV 95.0 MPH)
|
| Top of the 2nd over - 0 runs, 1 hit, 0 errors, 2 left on base; Williamsport 3 - West Virginia 3 |
| BOTTOM OF THE 2ND |
|
West Virginia Black Bears batting - Pitching for Williamsport Crosscutters : RHP Carlos Palacios
|
|
Batting: RHB Brian Moore
|
0-0: Called Strike 0-1: Ball 1-1: Ball 2-1: Called Strike 2-2: Ground out 5-3 (Groundball, 56S, EV 81.9 MPH)
|
|
Batting: RHB Bob Raine
|
0-0: Called Strike 0-1: Ball 1-1: Foul Ball, location: 2F 1-2: SINGLE (Groundball, 6MD, EV 94.4 MPH)
|
|
Batting: SHB Don Hauk
|
0-0: Ball 1-0: Called Strike 1-1: Foul Ball, location: 2F 1-2: Ball 2-2: Foul Ball, location: 2F 2-2: Foul Ball, location: 2F 2-2: Foul Ball, location: 2F 2-2: Grounds into double play, 4-6-3 (Groundball, 34D, EV 97.5 MPH)
|
| Bottom of the 2nd over - 0 runs, 1 hit, 0 errors, 0 left on base; Williamsport 3 - West Virginia 3 |
| TOP OF THE 3RD |
|
Williamsport Crosscutters batting - Pitching for West Virginia Black Bears : LHP Juan Villegas
|
|
Batting: RHB John Manocchio
|
0-0: Fly out, F7 (Flyball, 78M, EV 85.0 MPH)
|
|
Batting: RHB Shintaro Katsumata
|
0-0: Ball 1-0: Ball 2-0: Ball 3-0: Base on Balls
|
|
Batting: RHB Pete Deschamps
|
0-0: Ball 1-0: Ball 2-0: Called Strike 2-1: Fielders Choice at 2nd, 6-4 (Groundball, 6, EV 102.5 MPH)
|
|
Batting: RHB Nick Cottrell
|
0-0: Called Strike 0-1: Foul Ball, location: 2F 0-2: Foul Ball, location: 2F 0-2: Strikes out swinging
|
| Top of the 3rd over - 0 runs, 0 hits, 0 errors, 1 left on base; Williamsport 3 - West Virginia 3 |
| BOTTOM OF THE 3RD |
|
West Virginia Black Bears batting - Pitching for Williamsport Crosscutters : RHP Carlos Palacios
|
|
Batting: LHB Norm Silveira-Wray
|
0-0: Called Strike 0-1: Swinging Strike 0-2: Ground out U3 (Groundball, 3S, EV 89.4 MPH)
|
|
Batting: RHB Jaime Dubicki
|
0-0: Foul Ball, location: 2F 0-1: Ground out 5-3 (Groundball, 56, EV 86.9 MPH)
|
|
Batting: RHB Jeff Edwards
|
0-0: Ball 1-0: SINGLE (Groundball, 56D, EV 103.8 MPH)
|
|
Batting: SHB Curtis Thompson
|
0-0: Foul Ball, location: 2F 0-1: Ground out U3 (Groundball, 23, EV 83.8 MPH)
|
| Bottom of the 3rd over - 0 runs, 1 hit, 0 errors, 1 left on base; Williamsport 3 - West Virginia 3 |
| TOP OF THE 4TH |
|
Williamsport Crosscutters batting - Pitching for West Virginia Black Bears : LHP Juan Villegas
|
|
Batting: RHB Leon Edwards
|
0-0: Called Strike 0-1: Ball 1-1: Foul Ball, location: 2F 1-2: Strikes out swinging
|
|
Batting: SHB Nick Chandler
|
0-0: Called Strike 0-1: SOLO HOME RUN (Flyball, 78XD, EV 111.2 MPH), Distance : 437 ft
|
|
Batting: RHB Jason Ostrom
|
0-0: Called Strike 0-1: Ball 1-1: Ball 2-1: Called Strike 2-2: Strikes out swinging
|
|
Batting: SHB Art Kent
|
0-0: Swinging Strike 0-1: Called Strike 0-2: Foul Ball, location: 2F 0-2: Ball 1-2: Ground out 1-3 (Groundball, 15, EV 66.9 MPH)
|
| Top of the 4th over - 1 run, 1 hit, 0 errors, 0 left on base; Williamsport 4 - West Virginia 3 |
| BOTTOM OF THE 4TH |
|
West Virginia Black Bears batting - Pitching for Williamsport Crosscutters : RHP Carlos Palacios
|
|
Batting: RHB Terrence Wilson
|
0-0: Ball 1-0: Fly out, F7 (Flyball, 7LM, EV 80.6 MPH)
|
|
Batting: RHB John DeVillier
|
0-0: SINGLE (Groundball, 6MD, EV 99.4 MPH)
|
|
Batting: RHB Brian Moore
|
0-0: Ball 1-0: Foul Ball, location: 2F 1-1: Foul Ball, location: 2F 1-2: Strikes out swinging
|
|
Batting: RHB Bob Raine
|
0-0: Called Strike 0-1: Foul Ball, location: 2F 0-2: Fly out, F7 (Line Drive, 7, EV 95.6 MPH)
|
| Bottom of the 4th over - 0 runs, 1 hit, 0 errors, 1 left on base; Williamsport 4 - West Virginia 3 |
| TOP OF THE 5TH |
|
Williamsport Crosscutters batting - Pitching for West Virginia Black Bears : LHP Juan Villegas
|
|
Batting: RHB Xavier Castellanos
|
0-0: Foul Ball, location: 2F 0-1: Ball 1-1: Called Strike 1-2: Ball 2-2: Ground out 6-3 (Groundball, 6, EV 76.9 MPH)
|
|
Batting: RHB John Manocchio
|
0-0: Fly out, F8 (Flyball, 78M, EV 79.4 MPH)
|
|
Batting: RHB Shintaro Katsumata
|
0-0: Ball 1-0: Called Strike 1-1: Ball 2-1: SINGLE (Line Drive, 34, EV 102.5 MPH)
|
|
Batting: RHB Pete Deschamps
|
0-0: Fielders Choice at 2nd, 5-4 (Groundball, 56, EV 101.2 MPH)
|
| Top of the 5th over - 0 runs, 1 hit, 0 errors, 1 left on base; Williamsport 4 - West Virginia 3 |
| BOTTOM OF THE 5TH |
|
West Virginia Black Bears batting - Pitching for Williamsport Crosscutters : RHP Carlos Palacios
|
|
Batting: SHB Don Hauk
|
0-0: Foul Ball, location: 2F 0-1: SINGLE (Flyball, 6D, EV 94.4 MPH)
|
|
Batting: LHB Norm Silveira-Wray
|
0-0: Ball 1-0: Ball 2-0: Foul Ball, location: 2F 2-1: DOUBLE (Flyball, 8LXD, EV 87.5 MPH) Don Hauk to third
|
|
Batting: RHB Jaime Dubicki
|
0-0: Foul Ball, location: 2F 0-1: Swinging Strike 0-2: Foul Ball, location: 2F 0-2: Strikes out swinging
|
|
Batting: RHB Jeff Edwards
|
0-0: Ball 1-0: Ball 2-0: Swinging Strike 2-1: Swinging Strike 2-2: Ball Wild Pitch! Don Hauk scores Norm Silveira-Wray to third 3-2: Strikes out swinging
|
|
Batting: SHB Curtis Thompson
|
0-0: Ball 1-0: 2-RUN HOME RUN (Flyball, 9D, EV 95.6 MPH), Distance : 395 ft
|
|
Pitching: LHP Juan Ramirez
|
|
|
Batting: RHB Terrence Wilson
|
0-0: Ball 1-0: Foul Ball, location: 2F 1-1: Ground out 5-3 (Groundball, 56S, EV 68.1 MPH)
|
| Bottom of the 5th over - 3 runs, 3 hits, 0 errors, 0 left on base; Williamsport 4 - West Virginia 6 |
| TOP OF THE 6TH |
|
Williamsport Crosscutters batting - Pitching for West Virginia Black Bears : LHP Juan Villegas
|
|
Batting: RHB Nick Cottrell
|
0-0: Swinging Strike 0-1: Ball 1-1: Ball 2-1: Ground out 4-3 (Groundball, 4S, EV 87.5 MPH)
|
|
Batting: RHB Leon Edwards
|
0-0: Fly out, F3 (Popup, 3F, EV 68.1 MPH)
|
|
Batting: SHB Nick Chandler
|
0-0: Ball 1-0: Called Strike 1-1: Foul Ball, location: 2F 1-2: Ball 2-2: Ball 3-2: Strikes out looking
|
| Top of the 6th over - 0 runs, 0 hits, 0 errors, 0 left on base; Williamsport 4 - West Virginia 6 |
| BOTTOM OF THE 6TH |
|
West Virginia Black Bears batting - Pitching for Williamsport Crosscutters : LHP Juan Ramirez
|
|
Batting: RHB John DeVillier
|
0-0: Called Strike 0-1: Ball 1-1: Swinging Strike 1-2: Strikes out swinging
|
|
Batting: RHB Brian Moore
|
0-0: Ball 1-0: Called Strike 1-1: Foul Ball, location: 2F 1-2: Ball 2-2: Strikes out swinging, 2-3 out at first.
|
|
Batting: RHB Bob Raine
|
0-0: Ball 1-0: Foul Ball, location: 2F 1-1: SINGLE (Groundball, 6, EV 96.9 MPH)
|
|
Batting: SHB Don Hauk
|
0-0: Ball 1-0: Swinging Strike 1-1: Swinging Strike 1-2: Foul Ball, location: 2F 1-2: Foul Ball, location: 2F 1-2: Foul Ball, location: 2F 1-2: Strikes out swinging
|
| Bottom of the 6th over - 0 runs, 1 hit, 0 errors, 1 left on base; Williamsport 4 - West Virginia 6 |
| TOP OF THE 7TH |
|
Williamsport Crosscutters batting - Pitching for West Virginia Black Bears : LHP Juan Villegas
|
|
Pitching: RHP Ian Ferrara
|
|
|
Batting: RHB Jason Ostrom
|
0-0: Ground out 2-3 (Groundball, 2R, EV 67.5 MPH)
|
|
Batting: SHB Art Kent
|
0-0: Ball 1-0: Ground out 4-3 (Groundball, 4, EV 83.8 MPH)
|
|
Batting: RHB Xavier Castellanos
|
0-0: Foul Ball, location: 2F 0-1: Called Strike 0-2: Ball 1-2: Ball 2-2: Ball 3-2: Ground out 6-3 (Groundball, 6, EV 83.8 MPH)
|
| Top of the 7th over - 0 runs, 0 hits, 0 errors, 0 left on base; Williamsport 4 - West Virginia 6 |
| BOTTOM OF THE 7TH |
|
West Virginia Black Bears batting - Pitching for Williamsport Crosscutters : LHP Juan Ramirez
|
|
Batting: LHB Norm Silveira-Wray
|
0-0: Ball 1-0: Called Strike 1-1: Swinging Strike 1-2: SINGLE (Groundball, 6MD, EV 98.1 MPH)
|
|
Batting: RHB Jaime Dubicki
|
0-0: Called Strike 0-1: Ball 1-1: Ball 2-1: Foul Ball, location: 2F 2-2: Foul Ball, location: 2F 2-2: Strikes out swinging
|
|
Batting: RHB Jeff Edwards
|
0-0: Ball Norm Silveira-Wray steals 2nd base 1-0: Ball 2-0: Ball 3-0: Called Strike 3-1: Foul Ball, location: 2F 3-2: Ground out 5-3 (Groundball, 56, EV 88.1 MPH)
|
|
Batting: SHB Curtis Thompson
|
Balk! Norm Silveira-Wray to third 0-0: Ball 1-0: Ball 2-0: Foul Ball, location: 2F 2-1: Swinging Strike 2-2: Foul Ball, location: 2F 2-2: Strikes out looking
|
| Bottom of the 7th over - 0 runs, 1 hit, 0 errors, 1 left on base; Williamsport 4 - West Virginia 6 |
| TOP OF THE 8TH |
|
Williamsport Crosscutters batting - Pitching for West Virginia Black Bears : RHP Ian Ferrara
|
|
Batting: RHB John Manocchio
|
0-0: DOUBLE (Flyball, 8LXD, EV 94.4 MPH)
|
|
Batting: RHB Shintaro Katsumata
|
0-0: Ball 1-0: Ball 2-0: Ball 3-0: Fly out, F9 (Flyball, 89D, EV 70.0 MPH)
|
|
Batting: RHB Pete Deschamps
|
0-0: Ball 1-0: Ball 2-0: Called Strike 2-1: Swinging Strike 2-2: Ball 3-2: Ground out 6-3 (Groundball, 6, EV 90.6 MPH)
|
|
Pinch Hitting: LHB Chris Moody
|
0-0: Fly out, F8 (Line Drive, 8RM, EV 93.8 MPH)
|
| Top of the 8th over - 0 runs, 1 hit, 0 errors, 1 left on base; Williamsport 4 - West Virginia 6 |
| BOTTOM OF THE 8TH |
|
West Virginia Black Bears batting - Pitching for Williamsport Crosscutters : LHP Juan Ramirez
|
|
Now at SS: Gavin Helton
|
|
|
Batting: RHB Terrence Wilson
|
0-0: Ball 1-0: Ball 2-0: Ball 3-0: Base on Balls
|
|
Pitching: RHP Lance Brisson
|
|
|
Batting: RHB John DeVillier
|
0-0: Ball 1-0: Called Strike Terrence Wilson steals 2nd base (no throw) 1-1: Ground out 6-3 (Groundball, 6, EV 80.0 MPH) Terrence Wilson to third
|
|
Batting: RHB Brian Moore
|
0-0: Fly out, F9 (Flyball, 9D, EV 104.4 MPH) Runner from 3rd tags up, SCORES, no throw by RF
|
|
Batting: RHB Bob Raine
|
0-0: Ball 1-0: Swinging Strike 1-1: Called Strike 1-2: Strikes out swinging
|
| Bottom of the 8th over - 1 run, 0 hits, 0 errors, 0 left on base; Williamsport 4 - West Virginia 7 |
| TOP OF THE 9TH |
|
Williamsport Crosscutters batting - Pitching for West Virginia Black Bears : RHP Ian Ferrara
|
|
Pitching: RHP Frank Morris
|
|
|
Batting: RHB Leon Edwards
|
0-0: Ball 1-0: Ball 2-0: Ball 3-0: Called Strike 3-1: Swinging Strike 3-2: Base on Balls
|
|
Batting: SHB Nick Chandler
|
0-0: Swinging Strike 0-1: Foul Ball, location: 2F 0-2: Fly out, F2 (Popup, 25F, EV 88.8 MPH)
|
|
Batting: RHB Jason Ostrom
|
0-0: Ball 1-0: Swinging Strike 1-1: Ball 2-1: Reached on error, E5 (Groundball, 56, EV 95.0 MPH) Leon Edwards to second
|
|
Batting: SHB Art Kent
|
0-0: Ball 1-0: Called Strike 1-1: Called Strike 1-2: 3-RUN HOME RUN (Flyball, 9LD, EV 93.1 MPH), Distance : 335 ft
|
|
Pitching: RHP Pat Hall
|
|
|
Batting: RHB Xavier Castellanos
|
0-0: Ball 1-0: Ball 2-0: Ball 3-0: Called Strike 3-1: Called Strike 3-2: Base on Balls
|
|
Batting: RHB John Manocchio
|
0-0: Called Strike Xavier Castellanos steals 2nd base 0-1: Foul Ball, location: 2F 0-2: Ball 1-2: Ball 2-2: Ball 3-2: Intentional Walk
|
|
Batting: RHB Shintaro Katsumata
|
0-0: Ball 1-0: Foul Ball, location: 2F 1-1: Foul Ball, location: 2F 1-2: Ball 2-2: Fly out, F3 (Line Drive, 34, EV 66.2 MPH) Lined into DP, U3 (Line Drive, 34, EV 68.1 MPH)
|
| Top of the 9th over - 3 runs, 1 hit, 1 error, 1 left on base; Williamsport 7 - West Virginia 7 |
| BOTTOM OF THE 9TH |
|
West Virginia Black Bears batting - Pitching for Williamsport Crosscutters : RHP Lance Brisson
|
|
Pitching: RHP Mike Schoening
|
|
|
Batting: SHB Don Hauk
|
0-0: Called Strike 0-1: Called Strike 0-2: Ball 1-2: SINGLE (Groundball, 56D, EV 96.9 MPH)
|
|
Batting: LHB Norm Silveira-Wray
|
0-0: Bunt missed! 0-1: Bunted foul 0-2: Ball 1-2: Fly out, F9 (Flyball, 9, EV 92.5 MPH)
|
|
Batting: RHB Jaime Dubicki
|
0-0: Called Strike 0-1: Ball 1-1: Grounds into double play, 4-6-3 (Groundball, 4, EV 91.9 MPH)
|
| Bottom of the 9th over - 0 runs, 1 hit, 0 errors, 0 left on base; Williamsport 7 - West Virginia 7 |
| TOP OF THE 10TH |
|
Williamsport Crosscutters batting - Pitching for West Virginia Black Bears : RHP Pat Hall
|
|
Batting: RHB Pete Deschamps
|
0-0: Ball 1-0: Ball 2-0: Foul Ball, location: 2F 2-1: Ground out 6-3 (Groundball, 6M, EV 100.0 MPH)
|
|
Pitching: RHP Hitoshi Yoshihara
|
|
|
Pinch Hitting: LHB Noel Young
|
0-0: Ball 1-0: Ground out U3 (Groundball, 34, EV 85.0 MPH)
|
|
Pinch Hitting: LHB Jorge Zermeno
|
0-0: Ball 1-0: Called Strike 1-1: Ball 2-1: SINGLE (Groundball, 4MD, EV 100.6 MPH)
|
|
Batting: SHB Nick Chandler
|
0-0: Called Strike 0-1: Swinging Strike 0-2: Fly out, F8 (Flyball, 8RM, EV 88.8 MPH)
|
| Top of the 10th over - 0 runs, 1 hit, 0 errors, 1 left on base; Williamsport 7 - West Virginia 7 |
| BOTTOM OF THE 10TH |
|
West Virginia Black Bears batting - Pitching for Williamsport Crosscutters : RHP Mike Schoening
|
|
Now at 2B: Nick Chandler
|
|
|
Now at 3B: Jorge Zermeno
|
|
|
Now at SS: Salvador Avina
|
|
|
Batting: RHB Jeff Edwards
|
0-0: Foul Ball, location: 2F 0-1: Called Strike 0-2: Ball 1-2: Ball 2-2: Ball 3-2: Foul Ball, location: 2F 3-2: Fly out, F8 (Line Drive, 8LM, EV 92.5 MPH)
|
|
Batting: SHB Curtis Thompson
|
0-0: Ball 1-0: Ball 2-0: Ball 3-0: Called Strike 3-1: Base on Balls
|
|
Batting: RHB Terrence Wilson
|
0-0: Called Strike 0-1: Called Strike 0-2: Fielders Choice at 2nd, 6-4 (Groundball, 6, EV 84.4 MPH)
|
|
Batting: RHB John DeVillier
|
0-0: Ball Terrence Wilson is caught stealing 2nd base 2-4
|
| Bottom of the 10th over - 0 runs, 0 hits, 0 errors, 0 left on base; Williamsport 7 - West Virginia 7 |
| TOP OF THE 11TH |
|
Williamsport Crosscutters batting - Pitching for West Virginia Black Bears : RHP Hitoshi Yoshihara
|
|
Batting: RHB Jason Ostrom
|
0-0: Ball 1-0: Foul Ball, location: 2F 1-1: DOUBLE (Flyball, 89XD, EV 102.5 MPH)
|
|
Batting: SHB Art Kent
|
0-0: Foul Ball, location: 2F 0-1: Ball 1-1: Swinging Strike 1-2: Foul Ball, location: 2F 1-2: Ball 2-2: Ball 3-2: SINGLE (Groundball, 23, EV 65.0 MPH) (infield hit) Jason Ostrom to third
|
|
Batting: RHB Xavier Castellanos
|
0-0: Called Strike 0-1: Ball 1-1: Fly out, F9 (Flyball, 9D, EV 101.2 MPH) Runner from 3rd tags up, SCORES, throw by RF
|
|
Batting: RHB John Manocchio
|
0-0: Ball 1-0: Ball 2-0: Ball Balk! Art Kent to second 3-0: Intentional Walk
|
|
Batting: RHB Shintaro Katsumata
|
0-0: Ball 1-0: Called Strike 1-1: Ball 2-1: Ball 3-1: Base on Balls Art Kent to third John Manocchio to second
|
|
Batting: RHB Pete Deschamps
|
0-0: Ball 1-0: Foul Ball, location: 2F 1-1: Foul Ball, location: 2F 1-2: Fly out, F9 (Flyball, 9, EV 95.0 MPH)
|
|
Pitching: RHP Mike Rosen
|
|
|
Batting: RHB Salvador Avina
|
0-0: Foul Ball, location: 2F 0-1: Swinging Strike 0-2: Strikes out swinging
|
| Top of the 11th over - 1 run, 2 hits, 0 errors, 3 left on base; Williamsport 8 - West Virginia 7 |
| BOTTOM OF THE 11TH |
|
West Virginia Black Bears batting - Pitching for Williamsport Crosscutters : RHP Mike Schoening
|
|
Batting: RHB John DeVillier
|
0-0: Ball 1-0: Swinging Strike 1-1: Ball 2-1: Ground out 4-3 (Groundball, 4, EV 84.4 MPH)
|
|
Batting: RHB Brian Moore
|
0-0: Called Strike 0-1: Swinging Strike 0-2: Foul Ball, location: 2F 0-2: Ball 1-2: Foul Ball, location: 2F 1-2: Foul Ball, location: 2F 1-2: Ball 2-2: Strikes out swinging
|
|
Pinch Hitting: RHB Seung-mun Kim
|
0-0: Swinging Strike 0-1: Ball 1-1: Foul Ball, location: 2F 1-2: Strikes out looking
|
| Bottom of the 11th over - 0 runs, 0 hits, 0 errors, 0 left on base; Williamsport 8 - West Virginia 7 |
|